 Dungeon Crawl Stone Soup version 0.16-b1 (webtiles) character file.

2066 McCoppin the Quickloader (level 9, -2/62 HPs)
             Began as a Formicid Hunter on Mar 11, 2015.
             Was a Priest of Okawaru.
             Slain by an orc warrior
             ... wielding a +0 flail
              (19 damage)
             ... on level 8 of the Dungeon.
             The game lasted 00:35:00 (4943 turns).

McCoppin the Quickloader (Formicid Hunter)          Turns: 4943, Time: 00:35:00

Health: -2/62      AC: 11    Str: 21    XL:     9   Next: 50%
Magic:  12/12      EV: 16    Int: 10    God:    Okawaru [***...]
Gold:   260        SH:  0    Dex: 16    Spells: 0 memorised, 8 levels left

rFire  . . .     SeeInvis +     b - +1 hand crossbow
rCold  . . .     Clarity  .     o - +0 chain mail
rNeg   . . .     SustAb   .     (no shield)
rPois  .         Gourm    +     (helmet unavailable)
rElec  .         Spirit   .     (no cloak)
rCorr  .         Warding  .     (no gloves)
rMut   .         Stasis   +     (no boots)
MR     .....                    n - amulet of the gourmand
Stlth  +.........               (no ring)
                                (no ring)

@: agile, lethally poisoned (-2 -> -3), heroism, not resistant to hostile
enchantments, very unstealthy
A: permanent stasis, dig shafts and tunnels, four strong arms, antennae 3, icy
blue scales 1, deterioration 1
a: Dig, Shaft Self, Heroism, Renounce Religion


You were on level 8 of the Dungeon.
You worshipped Okawaru.
Okawaru was most pleased with you.
You were not hungry.

You visited 1 branch of the dungeon, and saw 8 of its levels.

You collected 260 gold pieces.

Inventory:

Hand weapons
 a - a +4 whip of holy wrath
 b - a +1 hand crossbow (weapon)
 l - a +0 short sword
Missiles
 c - 13 bolts (quivered)
 e - 30 poisoned needles
Armour
 d - a +0 leather armour
 o - a +0 chain mail (worn)
Jewellery
 n - an amulet of the gourmand (around neck)
Magical devices
 i - a wand of slowing (21)
 v - a wand of cold (6)
Scrolls
 k - 2 scrolls of fog
 q - 2 scrolls of identify
 t - a scroll of enchant armour {unknown}
 w - a scroll of summoning {unknown}
Potions
 g - a potion of poison
 h - a potion of haste
 p - a potion of agility
 r - a potion of might
 s - a potion of cancellation {unknown}
Comestibles
 f - 2 bread rations
 j - 2 meat rations
 m - a fruit
 u - 7 chunks of flesh


   Skills:
 + Level 2.9(7.9) Fighting
 - Level 12.0(17.0) Crossbows
 + Level 1.5(6.5) Armour
 - Level 1.7(6.7) Dodging
 - Level 1.2(6.2) Stealth


You had 8 spell levels left.
You didn't know any spells.

Dungeon Overview and Level Annotations

Branches:
Dungeon (8/15)             Temple (0/1) D:6
   Lair: D:8-11

Altars:
Ashenzari
Okawaru
Qazlal
Zin

Shops:
D:7 =


Innate Abilities, Weirdness & Mutations

You are under a permanent stasis effect.
You can dig through walls and to a lower floor.
Your four strong arms can wield two-handed weapons with a shield.
You have a pair of large antennae on your head (SInv).
You are partially covered in icy blue scales (AC +1).
Your body is slowly deteriorating.


Message History

The orc warrior is heavily wounded.
You feel sick.
Firing (i - inventory):
c - 14 bolts (quivered)
Press: ? - help, Shift-Dir - straight line, f/p - orc warrior
Aim: an orc warrior, wielding a flail and wearing a plate armour (heavily wounded)
You shoot a bolt.
The bolt closely misses the orc warrior.
The bolt hits the orc!
You kill the orc!
Okawaru accepts your kill. The orc warrior hits you with a flail!
* * * LOW HITPOINT WARNING * * *
Drink which item? (? for menu, Esc to quit)
Okay, then.
Read which item? (? for menu, Esc to quit)
Identify which item? (\ to view known items) (? for menu, Esc to quit)
As you read the scroll of identify, it crumbles to dust.
r - a potion of might The orc warrior hits you with a flail!!
You die...

#<.#
##..##
#....#
#....###
#......##
#.......#
##..#...#
#....#..
###@## .
#o# .)#
#... ....
.(..!.
(..(..
#._.(⌠..
.(.


You could see an orc warrior.

Vanquished Creatures
  An unseen horror (D:7)
  A slave (D:5)
  An ice beast (D:7)
  3 sky beasts
  A water moccasin (D:8)
  An ogre (D:5)
  A centaur (D:7)
  5 wights (D:7)
  3 crimson imps
  A goliath beetle (D:7)
  2 hounds
  3 orc priests
  An orc wizard (D:8)
  4 worker ants
  An iguana (D:5)
  A hound zombie (D:6)
  3 gnolls (D:3)
  2 worker ant zombies
  8 adders
  3 shadow imps
  2 adder zombies (D:5)
  An adder skeleton (D:6)
  3 giant geckos
  11 orcs
  7 bats
  A bat zombie (D:5)
  3 giant cockroaches
  4 goblins
  7 hobgoblins
  10 jackals
  5 kobolds
  3 quokkas
  3 ball pythons
  A giant newt (D:7)
  A quokka zombie (D:5)
  6 rats
114 creatures vanquished.

Notes
Turn   | Place    | Note
--------------------------------------------------------------
     0 | D:1      | McCoppin, the Formicid Hunter, began the quest for the Orb.
     0 | D:1      | Reached XP level 1. HP: 16/16 MP: 1/1
   168 | D:2      | Reached XP level 2. HP: 22/22 MP: 3/3
   287 | D:3      | Reached XP level 3. HP: 27/27 MP: 4/4
   289 | D:3      | Reached skill level 5 in Crossbows
   372 | D:4      | Reached XP level 4. HP: 33/33 MP: 5/5
   383 | D:4      | Found a shattered altar of Ashenzari.
   881 | D:4      | Reached XP level 5. HP: 32/38 MP: 7/7
  1028 | D:5      | Entered Level 5 of the Dungeon
  1029 | D:5      | Reached skill level 6 in Crossbows
  1178 | D:5      | Reached XP level 6. HP: 44/44 MP: 8/8
  1241 | D:5      | Reached skill level 7 in Crossbows
  1281 | D:5      | Noticed a sky beast
  1311 | D:5      | Killed a sky beast
  1640 | D:5      | Noticed a slave
  1689 | D:5      | HP: 2/44 [shadow imp (4)]
  2159 | D:5      | Reached XP level 7. HP: 27/50 MP: 9/9
  2591 | D:5      | Noticed a slave
  2633 | D:5      | Found an iron altar of Okawaru.
  2640 | D:5      | Became a worshipper of Warmaster Okawaru
  2652 | D:5      | Noticed a slave
  2674 | D:5      | Killed a slave
  2775 | D:5      | Reached skill level 8 in Crossbows
  3217 | D:6      | Acquired Okawaru's first power
  3247 | D:6      | Reached skill level 9 in Crossbows
  3305 | D:6      | Found a staircase to the Ecumenical Temple.
  3905 | D:7      | Reached XP level 8. HP: 56/56 MP: 11/11
  3961 | D:7      | Gained mutation: Your body is slowly deteriorating. [mutagenic meat]
  3962 | D:7      | Gained mutation: You are partially covered in icy blue scales (AC +1). [mutagenic meat]
  3999 | D:7      | Found a glowing silver altar of Zin.
  4069 | D:7      | Reached skill level 10 in Crossbows
  4562 | D:7      | Noticed an unseen horror
  4577 | D:7      | Killed an unseen horror
  4577 | D:7      | Reached skill level 11 in Crossbows
  4577 | D:7      | Reached XP level 9. HP: 49/61 MP: 12/12
  4636 | D:7      | Found Qyuzouh's Jewellery Emporium.
  4877 | D:7      | Reached skill level 12 in Crossbows
  4922 | D:8      | Found a stormy altar of Qazlal.
  4929 | D:8      | Reached skill level 1 in Armour
  4943 | D:8      | Slain by an orc warrior

Action                   |  1- 3 |  4- 6 |  7- 9 || total
-------------------------+-------+-------+-------++-------
Melee: Short sword       |       |     8 |       ||     8
       Whip              |       |    32 |    27 ||    59
 Fire: Hand crossbow     |    38 |   105 |   218 ||   361
Invok: Heroism           |       |       |     1 ||     1
 Abil: Dig               |       |     3 |     8 ||    11
  Use: Scroll            |       |     4 |     8 ||    12
       Potion            |       |     2 |     1 ||     3
  Eat: Chunk             |       |     2 |     6 ||     8
       Bread ration      |       |     1 |       ||     1
       Fruit             |       |       |     5 ||     5
